Map: King's Cove LE

Players

uThermal

  • Race: Terran Terran
  • Spawn Location: 5:00

Clem - Winner!

  • Race: Terran Terran
  • Spawn Location: 11:00

Event: 2019 WCS Summer

VOD

Have the link to the VOD?

Description

Time

  • Played on: July 13, 2019, 10:48 a.m.
  • Length: 17:00

All games in this series

Show
View Real Time Build Order
Export as new Build Order

uThermal Terran 

Build Orders: 1/1/1, Liberator Opening 

Get SALT Encoding   

  12  0:01  SCV  
  13  0:13  SCV  
  14  0:17  Supply Depot  
  14  0:25  SCV  
  15  0:29  Refinery  
  15  0:39  SCV  
  16  0:45  Barracks  
  16  0:51  SCV  
  17  0:59  Refinery  
  17  1:03  SCV  
  18  1:15  SCV  
  19  1:32  Orbital Command, Reaper  
  20  1:36  Factory  
  20  1:48  Supply Depot  
  20  1:58  SCV  
  21  2:04  Reaper  
  22  2:10  SCV  
  23  2:20  Hellion  
  23  2:21  Starport  
  25  2:23  SCV  
  26  2:30  Supply Depot  
  26  2:35  SCV  
  26  2:36  Reaper  
  28  2:41  Hellion  
  28  2:43  Liberator  
  30  2:47  SCV  
  31  2:54  Supply Depot  
  31  3:03  Hellion  
  36  3:10  Reaper  
  37  3:24  Hellion  
  39  3:29  Command Center  
  39  3:31  SCV  
  40  3:43  Barracks Reactor  
  40  3:44  SCV  
  40  3:45  Starport Tech Lab  
  40  3:46  Factory Tech Lab  
  40  3:47  Refinery  
  41  3:56  SCV  
  42  4:05  Raven  
  42  4:08  SCV  
  45  4:20  SCV  
  45  4:23  Marine  
  47  4:28  Marine  
  47  4:35  SCV  
  46  4:40  Marine  
  46  4:41  Siege Tank  
  46  4:44  Orbital Command  
  49  4:46  Marine  
  49  4:47  SCV  
  48  4:57  Raven  
  48  4:58  Marine  
  48  4:59  SCV  
  52  5:06  Command Center  
  52  5:11  SCV x2  
  54  5:19  Siege Tank  
  57  5:23  SCV x2  
  57  5:27  Supply Depot  
  57  5:28  Marine  
  60  5:31  Marine  
  60  5:35  Refinery, SCV  
  62  5:41  Supply Depot  
  62  5:48  SCV x2  
  64  5:51  Siege Tank  
  63  5:58  Viking  
  63  5:59  Viking  
  63  6:00  SCV x2  
  69  6:09  Supply Depot  
  69  6:13  SCV x2  
  67  6:19  Orbital Command  
  67  6:23  Siege Tank  
  67  6:25  SCV  
  71  6:28  Viking  
  71  6:29  Viking, SCV  
  76  6:34  Supply Depot  
  76  6:37  SCV  
  77  6:42  SCV  
  58  6:47  Orbital Command  
  78  6:49  SCV  
  78  6:50  Armory  
  78  6:53  Armory  
  78  6:54  SCV  
  80  6:55  Siege Tank  
  80  6:58  Viking  
  86  7:01  SCV  
  86  7:05  Viking  
  86  7:06  SCV  
  86  7:07  Refinery  
  86  7:08  Refinery  
  89  7:13  SCV  
  90  7:15  SCV  
  90  7:18  SCV  
  92  7:23  Supply Depot  
  92  7:25  SCV  
  92  7:28  SCV  
  94  7:30  Viking, SCV  
  94  7:31  Siege Tank  
  94  7:35  Viking  
  102  7:37  SCV, Supply Depot  
  102  7:40  SCV  
  102  7:42  SCV  
  102  7:43  Terran Vehicle And Ship Armor Level 1, Terran Vehicle Weapons Level 1  
  105  7:46  Supply Depot  
  105  7:49  SCV  
  104  7:52  SCV  
  104  7:54  SCV  
  100  8:01  Viking, SCV  
  100  8:03  Siege Tank  
  100  8:04  SCV  
  100  8:05  Viking  
  109  8:06  SCV  
  110  8:14  SCV  
  110  8:16  Engineering Bay, SCV  
  110  8:18  SCV  
  112  8:24  Liberator  
  112  8:26  SCV  
  105  8:29  SCV  
  105  8:30  SCV  
  105  8:32  Marine  
  85  8:36  Siege Tank, Viking  
  85  8:38  SCV  
  85  8:41  SCV  
  90  8:43  SCV  
  93  8:50  SCV  
  93  8:53  SCV  
  93  8:55  SCV  
  93  9:02  SCV  
  94  9:05  Barracks Reactor, SCV  
  94  9:06  Command Center  
  94  9:07  Factory  
  94  9:08  Missile Turret x2  
  94  9:09  Factory  
  95  9:10  Sensor Tower  
  95  9:11  Viking  
  97  9:21  Siege Tank  
  97  9:23  SCV  
  101  9:24  Viking  
  101  9:27  Missile Turret  
  103  9:35  Factory  
  103  9:36  Factory  
  103  9:41  Viking  
  105  9:49  Terran Vehicle Weapons Level 2  
  105  9:52  Barracks Reactor  
  105  9:53  Missile Turret  
  105  9:54  Viking  
  105  9:56  Missile Turret  
  105  9:59  Missile Turret  
  109  10:00  Missile Turret, Hellion  
  109  10:05  Siege Tank x2  
  117  10:16  Terran Vehicle And Ship Armor Level 2  
  117  10:19  Viking  
  114  10:22  Factory Tech Lab  
  114  10:26  Command Center  
  114  10:28  SCV x3  
  116  10:30  Hellion  
  118  10:36  Viking  
  118  10:40  SCV x2  
  118  10:42  Refinery  
  122  10:44  Siege Tank x2  
  122  10:45  Hellion  
  122  10:46  Refinery  
  130  10:50  Viking  
  130  10:54  Missile Turret  
  133  10:57  SCV  
  133  10:58  Missile Turret  
  133  10:59  Hellion  
  135  11:05  Siege Tank  
  138  11:11  SCV  
  138  11:13  Supply Depot, Hellion x2  
  138  11:15  Supply Depot  
  138  11:16  Siege Tank  
  138  11:17  Planetary Fortress  
  145  11:21  Hellion  
  147  11:26  Supply Depot  
  147  11:32  Supply Depot  
  147  11:35  Siege Tank, Viking  
  147  11:36  Viking  
  154  11:43  Thor  
  160  11:49  Supply Depot  
  160  11:53  Siege Tank, Hellion x3  
  164  11:59  Hellion  
  164  12:00  SCV  
  163  12:07  Siege Tank  
  148  12:14  Hellion x2  
  148  12:15  Hellion  
  148  12:22  Hellion  
  143  12:25  Siege Tank  
  143  12:26  Siege Tank  
  149  12:36  Hellion x3  
  155  12:39  Siege Tank  
  160  12:44  Hellion  
  160  12:49  Infernal Pre-Igniter  
  152  12:57  Thor, Hellion x2  
  152  12:58  Hellion x2  
  164  13:01  Viking  
  158  13:05  Viking  
  158  13:07  Hellion  
  158  13:11  Orbital Command  
  162  13:17  Thor  
  162  13:19  Smart Servos  
  168  13:22  Hellion  
  170  13:27  Siege Tank  
  170  13:28  Hellion  
  170  13:31  Hellion  
  177  13:35  Viking  
  177  13:37  Viking  
  177  13:39  Hellion  
  183  13:42  Hellion  
  183  13:44  Hellion  
  177  13:51  Terran Vehicle Weapons Level 3  
  177  13:54  Terran Vehicle And Ship Armor Level 3  
  177  13:59  Supply Depot  
  177  14:00  Hellion x2  
  181  14:05  Viking  
  181  14:11  Viking  
  177  14:18  Thor  
  181  14:24  Thor  
  181  14:25  Hellion x2  
  181  14:26  Hellion  
  181  14:28  Hellion  
  195  14:33  Supply Depot  
  195  14:39  Viking  
  195  14:45  Viking  
  195  14:56  Thor  
  195  14:57  Hellion x2  
  199  15:02  Starport  
  199  15:04  Starport  
  199  15:05  Thor  
  199  15:32  Viking  
  166  15:37  Viking  
  138  15:44  Thor  
  138  15:45  Siege Tank x2  
  138  15:46  Hellion x3  
  138  15:47  Hellion  
  151  16:02  Viking  
  150  16:07  Viking, Hellion  
  150  16:08  Hellion x2  
  154  16:13  Hellion  
  154  16:16  Viking x2  
  154  16:18  Siege Tank, Hellion  
  158  16:27  Hellion  
  158  16:29  Hellion x3  
  168  16:34  Hellion  
Show
View Real Time Build Order
Export as new Build Order

Clem Terran - Winner!

Build Orders:  

Get SALT Encoding   

  12  0:00  SCV  
  13  0:13  SCV  
  14  0:17  Supply Depot  
  14  0:25  SCV  
  15  0:29  Refinery  
  15  0:39  SCV  
  16  0:45  Barracks  
  16  0:51  SCV  
  17  0:57  Refinery  
  17  1:03  SCV  
  18  1:15  SCV  
  19  1:31  Orbital Command  
  19  1:33  Factory  
  19  1:37  Reaper  
  20  1:44  Supply Depot  
  20  1:57  SCV  
  21  2:09  SCV, Reaper  
  23  2:18  Hellion  
  26  2:28  Command Center  
  25  2:36  SCV  
  26  2:40  Hellion  
  28  2:45  Starport  
  28  2:49  SCV  
  29  2:53  Supply Depot  
  29  3:01  SCV  
  29  3:03  Factory Tech Lab, Barracks Tech Lab  
  30  3:15  SCV  
  31  3:26  Cyclone  
  34  3:27  Refinery  
  34  3:28  SCV  
  34  3:30  Raven  
  37  3:39  Orbital Command  
  37  3:41  SCV  
  37  3:44  Barracks Reactor  
  38  3:53  SCV  
  39  3:58  Cyclone  
  42  4:06  SCV x2  
  42  4:08  Supply Depot  
  44  4:18  SCV x2  
  44  4:21  Marine x2  
  47  4:30  Viking  
  46  4:32  SCV  
  46  4:39  Marine x2  
  46  4:40  Siege Tank  
  47  4:52  SCV x2  
  49  4:57  Marine x2  
  51  5:00  Supply Depot  
  51  5:02  Raven  
  51  5:05  SCV x2  
  55  5:14  Supply Depot  
  55  5:15  Marine x2  
  55  5:17  SCV x2  
  62  5:21  Siege Tank  
  62  5:29  SCV  
  62  5:32  Supply Depot  
  62  5:33  SCV  
  62  5:34  Marine  
  65  5:41  SCV  
  66  5:44  Supply Depot  
  66  5:45  SCV  
  67  5:53  SCV  
  69  5:57  Siege Tank, SCV  
  72  6:05  Viking, SCV  
  72  6:06  Viking  
  72  6:10  Marine  
  72  6:11  SCV  
  79  6:25  Command Center  
  79  6:29  Stimpack  
  79  6:32  Siege Tank  
  82  6:35  Marine, Supply Depot  
  83  6:40  Viking  
  83  6:44  Viking  
  87  6:48  SCV x2  
  87  6:51  Refinery  
  87  6:53  Marine  
  90  6:55  Supply Depot  
  90  7:00  SCV  
  91  7:02  SCV  
  91  7:04  Siege Tank  
  95  7:12  SCV  
  95  7:14  SCV  
  97  7:19  Viking  
  97  7:24  SCV  
  97  7:26  SCV  
  97  7:27  Engineering Bay x2  
  99  7:34  Viking  
  99  7:36  Siege Tank, Marine, SCV  
  105  7:38  Orbital Command  
  106  7:46  SCV  
  106  7:48  SCV  
  108  7:54  Marine  
  108  7:57  Viking  
  101  8:00  Liberator, SCV  
  101  8:04  Barracks  
  101  8:05  Barracks, SCV  
  102  8:08  Siege Tank, Terran Infantry Weapons Level 1  
  102  8:10  Terran Infantry Armor Level 1  
  102  8:11  SCV  
  102  8:12  Marine  
  107  8:19  SCV  
  111  8:22  SCV  
  111  8:25  SCV  
  104  8:30  Marine  
  104  8:31  SCV  
  104  8:34  SCV  
  89  8:36  Viking  
  92  8:41  SCV  
  92  8:43  Barracks x2  
  92  8:45  Siege Tank  
  92  8:47  SCV  
  92  8:48  Marine  
  97  8:49  SCV  
  97  8:53  SCV  
  96  8:57  Combat Shield, Barracks Reactor x2  
  96  9:01  SCV  
  97  9:05  Refinery  
  97  9:06  Marine, Refinery  
  97  9:08  SCV x2  
  97  9:13  Supply Depot  
  97  9:14  Command Center  
  97  9:16  Viking  
  99  9:19  Siege Tank  
  99  9:22  Viking  
  99  9:23  Marine  
  105  9:25  Supply Depot  
  105  9:27  SCV x2  
  107  9:32  Barracks Reactor, Barracks Tech Lab  
  107  9:34  Marine x3, Barracks Tech Lab  
  107  9:35  Marine  
  107  9:38  SCV  
  112  9:40  SCV x2  
  114  9:48  Starport  
  114  9:51  Siege Tank  
  114  9:52  SCV  
  118  9:53  Armory  
  118  9:55  Marine x3  
  118  9:56  Marine  
  122  10:03  Viking x2  
  126  10:08  Marauder x2  
  126  10:09  Marauder  
  126  10:11  SCV  
  126  10:12  SCV  
  126  10:13  SCV  
  132  10:17  Marine  
  134  10:24  Siege Tank, Supply Depot  
  134  10:26  Concussive Shells  
  136  10:31  Liberator  
  136  10:32  SCV x3  
  136  10:35  Barracks Tech Lab  
  138  10:36  Missile Turret  
  138  10:40  Marine x2  
  140  10:44  Viking, Missile Turret  
  140  10:45  Viking x2  
  149  10:52  Planetary Fortress  
  149  10:53  SCV x2  
  149  10:54  SCV  
  152  10:58  Marauder  
  152  10:59  Marauder  
  152  11:01  Marauder  
  158  11:04  Siege Tank  
  158  11:05  Marine  
  158  11:08  SCV  
  158  11:10  Supply Depot  
  163  11:12  Supply Depot  
  163  11:13  Refinery  
  163  11:14  Refinery  
  163  11:15  Marine  
  164  11:20  Terran Vehicle And Ship Armor Level 1  
  164  11:21  Terran Infantry Armor Level 2  
  164  11:24  Supply Depot  
  164  11:32  SCV x3  
  167  11:36  Command Center  
  167  11:38  Terran Infantry Weapons Level 2  
  167  11:43  Viking  
  167  11:44  Viking x2  
  173  11:48  Marine x2  
  173  11:52  Siege Tank  
  176  11:58  Marauder x2  
  180  12:03  Marauder  
  180  12:04  Viking, Marauder  
  178  12:09  Marine x2  
  178  12:10  SCV x2  
  178  12:13  Viking  
  179  12:19  Viking  
  179  12:20  Marauder  
  179  12:21  Marauder  
  177  12:24  Viking  
  177  12:25  Marauder  
  180  12:30  Marauder  
  180  12:34  Viking  
  180  12:36  Command Center  
  182  12:38  Starport  
  182  12:41  Marauder  
  182  12:43  Viking  
  183  12:49  Viking  
  182  12:52  SCV x3  
  182  12:55  Siege Tank, SCV  
  181  13:04  Viking x2  
  184  13:08  Fusion Core  
  184  13:11  Planetary Fortress  
  184  13:16  Viking  
  184  13:19  Viking  
  190  13:22  Starport Tech Lab  
  190  13:24  Terran Vehicle And Ship Armor Level 2, Starport  
  187  13:30  SCV x2  
  187  13:31  SCV x2  
  187  13:32  Armory  
  183  13:36  Marine x2  
  180  13:42  SCV x2  
  180  13:43  SCV x2  
  180  13:45  Liberator  
  178  13:49  Liberator  
  178  13:53  Orbital Command  
  178  13:54  SCV x2  
  178  13:55  SCV x2  
  182  13:58  Advanced Ballistics  
  182  14:03  Liberator  
  182  14:06  SCV  
  182  14:09  Viking  
  191  14:13  Viking  
  191  14:15  SCV x3  
  191  14:16  SCV  
  198  14:27  Terran Ship Weapons Level 1  
  198  14:29  Marauder, Marine  
  200  14:35  Marine  
  199  14:39  SCV  
  199  14:41  SCV x2  
  199  14:42  Marine  
  199  14:43  Marauder  
  199  14:50  SCV  
  199  14:52  SCV  
  198  14:59  SCV x2  
  198  15:00  SCV x2  
  198  15:03  Missile Turret  
  198  15:04  Refinery  
  198  15:05  Refinery  
  200  15:08  Command Center x2  
  200  15:10  SCV  
  200  15:12  Command Center  
  200  15:17  Liberator  
  200  15:18  Liberator x3  
  200  15:20  Liberator  
  200  15:26  Liberator  
  169  15:47  SCV x2  
  172  15:52  SCV x2  
  174  15:59  Marine x3, Marauder x3  
  174  16:00  Liberator  
  174  16:01  SCV  
  184  16:06  Siege Tank  
  184  16:09  SCV  
  188  16:17  Marine  
  197  16:18  Marauder, SCV  
  197  16:20  Marauder  
  200  16:35  Orbital Command  
Tags
 
Add a new tag
Caveats
  • Supply blocks, unpowered buildings, or Contaminate may cause inaccurate times.
  • Supply counts are checked every 10 seconds.